cohdb
Replays
Latest Replays
All Replays
Popular Replays
Top Player Replays
Match Explorer
How It Works
Community
CoH3 Stats
Reddit
Sign in to upload your games and track your stats! →
Sign in with Steam
against Italian flamethrower
Match 15069722
Overview
Messages
Build Orders
End
Vickers Machine Gun Team
Construct Section Command Post
Infantry Section
Infantry Section
Infantry Section
Construct Platoon Command Post
6-pounder Anti-tank Gun Team
Selects Indian Artillery Battlegroup
Selects Towed ML 4.2-inch Heavy Mortar
Selects Valour
Towed ML 4.2-inch Heavy Mortar
6-pounder Anti-tank Gun Team
Selects Gurkha Rifles Section
Gurkha Rifles Section
Construct Company Command Post
Crusader II Medium Tank
Selects Volunteer Infantry
Selects Off-map Airburst Barrage
Off-map Airburst Barrage
Gurkha Rifles Section
Off-map Airburst Barrage
Selects BL5.5 Artillery Emplacement
Matilda II Heavy Tank
Matilda II Heavy Tank
Construct Field Infirmary
Off-map Airburst Barrage
Royal Engineer Section
Crusader II Medium Tank
Off-map Airburst Barrage
Royal Engineer Section
Matilda II Heavy Tank
kater123
Dave
0
0
Comments
sign in to comment!
No comments posted yet!